 Dungeon Crawl Stone Soup version 0.28.0-53-g5a82cb258f (webtiles) character file.

Game seed: 13669225090994937802

48003 mcbry74 the Severer (level 14, -11/108 (110) HPs)
             Began as a Hill Orc Fighter on June 21, 2022.
             Was a High Priest of Makhleb.
             Mangled by a death yak simulacrum (32 damage)
             ... on level 6 of the Lair of Beasts.
             The game lasted 01:39:42 (19129 turns).

mcbry74 the Severer (Hill Orc Fighter)             Turns: 19129, Time: 01:39:43

HP:   -11/108 (110) AC: 12    Str: 31    XL:     14   Next: 44%
MP:   23/23         EV:  9    Int:  8    God:    Makhleb [*****.]
Gold: 677           SH: 12    Dex: 18    Spells: 13/13 levels left

rFire   + . .      SeeInvis .   O - +2 broad axe
rCold   . . .      Faith    .   k - +1 kite shield
rNeg    + . .      Spirit   .   D - +3 leather armour of the Constellations {rElec Will+ Str+4 Dex+4}
rPois   .          Reflect  .   p - +2 hat {Stlth+}
rElec   +          Harm     .   (no cloak)
rCorr   .          Rampage  .   y - +2 pair of gloves
Will    ++...                   (no boots)
Stlth   ++++......              E - amulet of regeneration
HPRegen 1.08/turn               w - ring of fire
MPRegen 0.18/turn               t - ring "Oplan" {+Blink rC+ rN+ Str+3 Dex+4}

@: lightly drained
A: no striking features
a: Renounce Religion, Evoke Blink, Minor Destruction, Lesser Servant of Makhleb,
Major Destruction, Greater Servant of Makhleb


You were on level 6 of the Lair of Beasts.
You worshipped Makhleb.
Makhleb was extremely pleased with you.
You visited 3 branches of the dungeon, and saw 17 of its levels.
You also visited: Sewer.

You collected 1052 gold pieces.
You spent 375 gold pieces at shops.

Inventory:

Hand Weapons
 a - a +2 war axe
 q - the +8 whip "Snakebite" {venom, curare, rPois}
   (You found it on level 10 of the Dungeon)

   It poisons the flesh of those it strikes.
   It occasionally inflicts asphyxiating poison on those it strikes, dealing
   poison damage and causing slowness.
   rPois:     It protects you from poison.
 O - a +2 broad axe (weapon)
Missiles
 g - 5 throwing nets
 m - a curare-tipped dart
 r - 29 poisoned darts
 x - a boomerang
Armour
 c - a +2 robe of cold resistance
 k - a +1 kite shield (worn)
 p - a +2 hat of stealth (worn)
 s - a +3 plate armour
 y - a +2 pair of gloves (worn)
 D - the +3 leather armour of the Constellations (worn) {rElec Will+ Str+4 Dex+4}
   (You found it on level 3 of the Lair of Beasts)

   Str:       It affects your strength (+4).
   Dex:       It affects your dexterity (+4).
   rElec:     It insulates you from electricity.
   Will:      It increases your willpower.
 I - a +0 troll leather armour
 K - a +4 chain mail of willpower
 R - a scarf of invisibility
 V - a +2 pair of boots
Jewellery
 b - a ring of ice
 h - a ring of ice
 j - the dreamshard necklace {*Dream Drain}
   (You found it on level 6 of the Lair of Beasts)

   [amulet of nothing]

   It shatters if its wearer takes lethal or near-lethal damage, preventing the
   blow and releasing protective dreams that heal and fight for the wearer.
   Drain:     It drains your maximum health when unequipped.
 l - a ring of resist corrosion
 t - the ring "Oplan" (right hand) {+Blink rC+ rN+ Str+3 Dex+4}
   (You found it on level 8 of the Dungeon)

   [ring of positive energy]

   Str:       It affects your strength (+3).
   Dex:       It affects your dexterity (+4).
   rC:        It protects you from cold.
   rN:        It protects you from negative energy.
   +Blink:    It lets you blink.
 v - a ring of flight
 w - a ring of fire (left hand)
 z - a ring of magical power
 E - an amulet of regeneration (around neck)
 G - a ring of positive energy
 J - a ring of see invisible
 N - a ring of protection from fire
 U - an amulet of guardian spirit
Wands
 e - a wand of flame (16) (quivered)
 F - a wand of paralysis (11)
 M - a wand of polymorph (5)
 Z - a wand of acid (2)
Scrolls
 f - 4 scrolls of blinking
 n - 3 scrolls of teleportation
 u - 3 scrolls of magic mapping
 C - a scroll of summoning
 P - a scroll of enchant armour
 W - a scroll of holy word
 X - a scroll of identify
 Y - a scroll of silence
Potions
 d - 4 potions of might
 i - 4 potions of heal wounds
 o - a potion of magic {unknown}
 B - 3 potions of lignification
 H - a potion of haste {unknown}
 L - a potion of brilliance {unknown}
 S - 2 potions of curing
 T - a potion of cancellation {unknown}
Miscellaneous
 Q - a box of beasts


   Skills:
 - Level 6.0 Fighting
 + Level 17.5(17.8) Axes
 - Level 4.1(10.6) Maces & Flails
 + Level 7.5 Throwing
 + Level 10.4 Armour
 + Level 4.0 Stealth
 + Level 8.2 Shields
 + Level 13.2 Invocations
 + Level 9.7 Evocations


You had 13 spell levels left.
You didn't know any spells.
Your spell library contained the following spells:

 Spells                   Type           Power      Damage    Failure   Level
 Magic Dart               Conj           0%         1d3       75%         1
 Shock                    Conj/Air       0%         1d3       75%         1
 Call Imp                 Summ           0%         N/A       87%         2
 Ignite Poison            Fire/Tmut/Pois 0%         N/A       98%         3
 Mephitic Cloud           Conj/Pois/Air  0%         N/A       98%         3
 Summon Guardian Golem    Hex/Summ       0%         N/A       98%         3
 Swiftness                Air            0%         N/A       98%         3
 Airstrike                Air            0%         N/A       100%        4
 Freezing Cloud           Conj/Ice/Air   0%         6-21      100%        5
 Orb of Destruction       Conj           0%         9d5       100%        7
 Spellforged Servitor     Conj/Summ      0%         N/A       100%        7


Dungeon Overview and Level Annotations

Branches:
Dungeon (10/15)            Temple (1/1) D:5            Lair (6/6) D:9
 Shoals (0/4) Lair:2       Spider (0/4) Lair:2        Slime (0/5) Lair:5
    Orc (0/2) D:10          Sewer (visited)

Altars:
Ashenzari
Cheibriados
Dithmenos
Elyvilon
Fedhas
Gozag
Hepliaklqana
Kikubaaqudgha
Makhleb
Nemelex Xobeh
Okawaru
Qazlal
Ru
Sif Muna
Trog
Uskayaw
Vehumet
Wu Jian
Xom
Yredelemnul
Zin
The Shining One
Jiyva

Shops:
D:3 *   D:9 **

Portals:
Trove: D:10 (give 7 potions of haste)

Annotations:
D:10 exclusion: orange crystal statue


Message History

The death yak simulacrum freezes the withered plant!!
The spectral cane toad hits the withered plant!!
You slice the elephant zombie!!
The elephant zombie is almost destroyed.
You block the elephant zombie's attack. The elephant zombie closely misses you.
The spectral cane toad hits the withered plant!
The death yak simulacrum gores the withered plant.
The death yak simulacrum freezes the withered plant!!
You hit the elephant zombie but do no damage.
The elephant zombie is almost destroyed.
The spectral cane toad hits the withered plant!
The elephant zombie tramples you!
You stumble backwards!
You hit the elephant zombie.
The elephant zombie is almost destroyed.
The withered plant crumbles away.
You block the elephant zombie's attack. x2
You slice the elephant zombie!!
You destroy the elephant zombie!
Makhleb accepts your kill.
You hit the death yak simulacrum.
The death yak simulacrum is lightly damaged.
The death yak simulacrum gores you. The death yak simulacrum freezes you!!
You hit the death yak simulacrum but do no damage.
The death yak simulacrum is lightly damaged.
You slash the spectral cane toad! The spectral cane toad hits you!
You partially resist.
You feel drained.
You slice the spectral cane toad!!
The spectral cane toad is almost destroyed.
The spectral cane toad hits you but does no damage.
You slice the spectral cane toad!!
You destroy the spectral cane toad!
Makhleb accepts your kill.
You feel better. The death yak simulacrum gores you!
The death yak simulacrum freezes you!!
* * * LOW HITPOINT WARNING * * *
You slash the death yak simulacrum!
The death yak simulacrum is moderately damaged.
The death yak simulacrum gores you.
* * * LOW HITPOINT WARNING * * *
The death yak simulacrum freezes you!!
You die...

#### ##..#♣## #.#.P♣♣8♣
#.P.♣♣...♣#♣####### ###
##.♣♣♣8..8.@Z......##...##8.
##...♣♣♣#...#.#.P...+....8#=.
#....# #♣#...####P.#...$)#!Y
#...## #+#...!####...=[#8Y
##..# ####...P#....8### #..#
####.###Yp###8 ##..##
#♣♣♣##P..#####8. #....##
##♣....###........
#[....♣####♣......P♣########'


You could see a death yak simulacrum.

Vanquished Creatures
  2 dire elephants (Lair:6)
  A boulder beetle (D:10)
  Fannar (D:10)
  4 hydras
  A catoblepas (Lair:4)
  Harold (D:9)
  A two-headed ogre (D:8)
  5 death yaks
  2 lindwurms
  A manticore (Lair:2)
  A dire elephant zombie (Lair:6)
  5 black mambas
  15 elephants
  A gargoyle (D:10)
  2 torpor snails
  9 cane toads
  5 komodo dragons
  A dire elephant skeleton (Lair:6)
  3 rime drakes
  2 trolls (D:9)
  A wind drake (Lair:2)
  3 polar bears
  22 blink frogs
  A hornet (D:9)
  7 dream sheep (Lair:3)
  4 jumping spiders
  59 yaks
  A vampire (D:10)
  4 wyverns
  A basilisk (Lair:5)
  A redback (D:10)
  Menkaure (D:7)
  A spectral cane toad (Lair:6)
  15 water moccasins
  2 sky beasts
  2 elephant zombies (Lair:6)
  2 orc warriors
  A black bear (D:5)
  A necrophage (D:6)
  An ogre (D:4)
  4 wolves (Lair:3)
  4 centaurs
  5 kobold brigands
  2 elephant skeletons (Lair:6)
  A phantom (D:7)
  8 bullfrogs
  A gnoll sergeant (D:9)
  A water moccasin zombie (D:3)
  A water moccasin skeleton (D:2)
  9 killer bees
  An electric eel (Lair:3)
  6 howler monkeys
  5 hounds
  2 lava snakes (D:10)
  4 orc priests
  A bullfrog skeleton (D:6)
  3 centaur skeletons
  3 jellies (D:6)
  5 iguanas
  Jessica (D:2)
  Terence (D:2)
  3 orc wizards
  5 hell rats (Lair:5)
  A killer bee zombie (D:4)
  A hound zombie (D:4)
  A howler monkey zombie (D:6)
  3 river rats (Sewer)
  8 adders
  2 shadow imps
  A white imp (D:7)
  An ufetubus (D:4)
  2 adder skeletons (D:4)
  3 worms (D:5)
  2 dart slugs
  16 orcs
  2 bats
  5 endoplasms
  A giant cockroach (D:5)
  4 goblins
  6 hobgoblins
  4 jackals (D:1)
  23 kobolds
  5 quokkas
  10 ball pythons
  4 frilled lizards
  A kobold skeleton (D:7)
  3 orc skeletons (D:7)
  4 orc zombies (D:7)
  8 rats
390 creatures vanquished.

Vanquished Creatures (collateral kills)
  2 elephants (Lair:2)
  3 yaks (Lair:2)
5 creatures vanquished.

Vanquished Creatures (others)
  11 fungi
  18 plants
  13 withered plants (Lair:6)
42 creatures vanquished.

Grand Total: 437 creatures vanquished

Notes
Turn   | Place    | Note
-------+----------+-------------------------------------------
     0 | D:1      | mcbry74 the Hill Orc Fighter began the quest for the Orb.
     0 | D:1      | Reached XP level 1. HP: 19/19 MP: 1/1
   105 | D:1      | Reached skill level 3 in Axes
   211 | D:1      | Reached XP level 2. HP: 24/26 MP: 2/2
   539 | D:1      | Reached skill level 1 in Throwing
   668 | D:1      | Reached skill level 4 in Axes
   723 | D:1      | Reached XP level 3. HP: 28/31 MP: 3/3
  1017 | D:2      | Reached skill level 5 in Axes
  1017 | D:2      | Reached XP level 4. HP: 31/39 MP: 4/4
  1145 | D:2      | Noticed Jessica
  1160 | D:2      | Killed Jessica
  1161 | D:2      | Reached XP level 5. HP: 44/45 MP: 5/5
  1213 | D:2      | Noticed Terence
  1223 | D:2      | Killed Terence
  1344 | D:2      | Reached skill level 6 in Axes
  1606 | D:2      | Found a faded altar of an unknown god.
  1654 | D:3      | You fall into a shaft and drop 1 floor!
  2325 | D:3      | Reached skill level 1 in Evocations
  2646 | D:3      | Reached XP level 6. HP: 17/51 MP: 6/6
  3048 | D:3      | Found Utenny's Assorted Antiques.
  3070 | D:3      | Reached skill level 7 in Axes
  3373 | D:4      | Reached XP level 7. HP: 47/57 MP: 7/7
  4157 | D:5      | Entered Level 5 of the Dungeon
  4164 | D:5      | Found a staircase to the Ecumenical Temple.
  4181 | D:5      | Reached skill level 8 in Axes
  4211 | Temple   | Entered the Ecumenical Temple
  4587 | Temple   | Became a worshipper of Makhleb the Destroyer
  4696 | D:5      | Found a glowing drain.
  4700 | Sewer    | Entered a sewer
  4881 | Sewer    | Reached skill level 1 in Invocations
  4898 | Sewer    | Reached skill level 9 in Axes
  4898 | Sewer    | Reached XP level 8. HP: 37/64 MP: 7/9
  5054 | Sewer    | Found a white marble altar of Elyvilon.
  5523 | D:5      | Identified the +1 robe of Qaevuicy {Rampage rF+}
  6051 | D:6      | Reached skill level 10 in Axes
  6401 | D:6      | Noticed a yak
  6422 | D:6      | Killed a yak
  6422 | D:6      | Reached * piety under Makhleb
  6454 | D:6      | Noticed a yak
  6476 | D:6      | Killed a yak
  6480 | D:6      | Noticed a yak
  6502 | D:6      | Killed a yak
  6503 | D:6      | Reached skill level 11 in Axes
  6503 | D:6      | Reached skill level 5 in Armour
  6503 | D:6      | Reached XP level 9. HP: 69/70 MP: 12/12
  6788 | D:6      | Reached skill level 5 in Invocations
  8209 | D:7      | Reached skill level 12 in Axes
  8326 | D:7      | Noticed Menkaure
  8333 | D:7      | Killed Menkaure
  8415 | D:7      | Found a glowing golden altar of the Shining One.
  8554 | D:7      | Found an iron altar of Okawaru.
  8723 | D:8      | Noticed a two-headed ogre
  8737 | D:8      | Killed a two-headed ogre
  8738 | D:8      | Reached skill level 13 in Axes
  8738 | D:8      | Reached XP level 10. HP: 77/77 MP: 13/15
  8763 | D:8      | Reached ** piety under Makhleb
  8836 | D:8      | Identified the ring "Oplan" {+Blink rC+ rN+ Str+3 Dex+4}
  9075 | D:9      | Found a transporter.
  9078 | D:9      | Found a transporter.
  9092 | D:9      | Noticed Harold
  9092 | D:9      | Found a transporter.
  9092 | D:9      | Found a transporter.
  9269 | D:9      | Found a staircase to the Lair.
  9533 | D:9      | Found a sparkling altar of Nemelex Xobeh.
  9599 | D:9      | Found Ifronk's Specific Store.
  9603 | D:9      | Found Cicwud's General Store.
  9640 | D:9      | Found a transporter.
  9701 | D:9      | Reached skill level 14 in Axes
  9701 | D:9      | Reached skill level 5 in Evocations
  9747 | D:9      | Paralysed by a hornet for 3 turns
  9753 | D:9      | Paralysed by a hornet for 3 turns
  9974 | D:9      | Killed Harold
 10051 | D:9      | Found a hazy altar of Hepliaklqana.
 10053 | D:9      | Found a faded altar of an unknown god.
 10082 | D:9      | Found a transporter.
 10172 | Lair:1   | Entered Level 1 of the Lair of Beasts
 10204 | Lair:1   | Noticed a cane toad
 10294 | D:10     | Entered Level 10 of the Dungeon
 10322 | D:10     | Reached XP level 11. HP: 77/82 MP: 17/17
 10388 | D:10     | Found a staircase to the Orcish Mines.
 10411 | D:10     | Reached skill level 15 in Axes
 10413 | D:10     | Reached *** piety under Makhleb
 10630 | D:10     | Found a runed translucent door.
 10765 | D:10     | Noticed Fannar
 10790 | D:10     | Killed Fannar
 10905 | D:10     | Noticed an orange crystal statue
 11613 | D:10     | Found a portal to a secret trove of treasure.
 11734 | D:10     | Found the +8 whip "Snakebite" {venom, curare, rPois}
 11755 | D:10     | Reached skill level 16 in Axes
 11816 | D:10     | Reached skill level 10 in Invocations
 11872 | D:10     | Found a runed translucent gate.
 11872 | D:10     | Found a runed translucent gate.
 11872 | D:10     | Found a runed translucent gate.
 11872 | D:10     | Found a runed translucent gate.
 11873 | D:10     | Found a runed translucent gate.
 11874 | D:10     | Found a runed translucent gate.
 11874 | D:10     | Noticed a lindwurm
 11874 | D:10     | Noticed a boulder beetle
 11894 | D:10     | Killed a boulder beetle
 11992 | D:9      | Bought a ring of fire for 375 gold pieces
 12050 | D:10     | Killed a lindwurm
 12051 | D:10     | Reached skill level 1 in Maces & Flails
 13002 | Lair:2   | Reached XP level 12. HP: 85/92 MP: 19/19
 13016 | Lair:2   | Reached skill level 5 in Fighting
 13109 | Lair:2   | Found a hole to the Spider Nest.
 13166 | Lair:2   | Reached skill level 5 in Throwing
 13340 | Lair:2   | Found a staircase to the Shoals.
 13371 | Lair:2   | Reached skill level 5 in Shields
 13965 | Lair:3   | Identified the +3 leather armour of the Constellations
                  | {rElec Will+ Str+4 Dex+4}
 14102 | Lair:3   | Reached **** piety under Makhleb
 14555 | Lair:3   | Reached XP level 13. HP: 86/102 MP: 21/21
 15855 | Lair:4   | Reached skill level 1 in Stealth
 16931 | Lair:5   | Reached skill level 17 in Axes
 17274 | Lair:5   | Reached XP level 14. HP: 98/110 MP: 23/23
 17277 | Lair:5   | Reached skill level 10 in Armour
 17330 | Lair:5   | Reached ***** piety under Makhleb
 17375 | Lair:5   | You fall into a shaft and drop 1 floor!
 17375 | Lair:6   | Entered Level 6 of the Lair of Beasts
 17399 | Lair:5   | Found a staircase to the Slime Pits.
 17399 | Lair:5   | Found a viscous altar of Jiyva.
 18081 | Lair:6   | Noticed a dire elephant
 18081 | Lair:6   | Noticed a dire elephant
 18081 | Lair:6   | Noticed a dire elephant
 18271 | Lair:6   | Noticed a dire elephant
 18297 | Lair:6   | Noticed a dire elephant
 18326 | Lair:6   | Killed a dire elephant
 18337 | Lair:6   | Noticed a dire elephant
 18410 | Lair:6   | Killed a dire elephant
 18740 | Lair:6   | Found the dreamshard necklace {*Dream Drain}
 19129 | Lair:6   | Mangled by a death yak simulacrum

Illustrated notes

Levels and vault maps discovered:
D:1:      dpeg_arrival_pits, layout_basic, corner_web_ring
D:2:      layout_rooms, chequers_ecumenical_altar_lobes, uniq_jessica,
          uniq_terence
D:3:      layout_basic, serial_shops, nicolae_shop_hallway_plus
D:4:      layout_loops_ring
D:5:      layout_loops_ring, minmay_temple_entry_statues_fountains,
          gup_sewer_entry_spiral
D:6:      layout_loops_corners, roderic_lattice_a
D:7:      layout_loops_cross, pf_just_have_faith, nicolae_tso_besieged_by_evil,
          minmay_misc_feat_ornament, nicolae_fountain_basement, uniq_menkaure
D:8:      layout_rooms
D:9:      layout_loops_cross, nemelex_diamond_rough_becter,
          beargit_hepliaklqana_dungeon_heroes, lair_entry_dummy,
          serial_bayou_pond_d, nicolae_specific_store, serial_nicolae_subway,
          nicolae_sub_station_stone, nicolae_sub_station_crystal,
          nicolae_sub_station_metal, uniq_harold
D:10:     gammafunk_indiana_jones, layout_cave_pools, orc_0_dummy,
          nicolae_trove_entry_crystal, minivault_16, uniq_fannar
Temple:   eino_narrow_crystal_temple
Lair:1:   layout_chaotic_city, lemuel_fruit_fields
Lair:2:   layout_long_grid, minmay_shoals_entry_beasts, spider_nest_entry_rubble
Lair:3:   layout_big_grid, fungi_pond_lemuel, minmay_shattered_shrine,
          grunt_megastairs_3
Lair:4:   dpeg_oklob_shooting_range, layout_layer_cave
Lair:5:   layout_hall_layers, slime_altar_1
Lair:6:   due_jungle_book, layout_big_grid, infiniplex_staircase_pool_2

Skill      XL: |  1  2  3  4  5  6  7  8  9 10 11 12 13 14 |
---------------+-------------------------------------------+-----
Axes           | 3 4 5 6 7 9 11 13 14 16 17 | 17.5
Throwing       | 1 2 3 4 5 7 |  7.5
Evocations     | 1 2 3 4 5 7 8 9 |  9.7
Invocations    | 1 4 6 8 10 11 12 13 | 13.2
Armour         | 5 6 7 8 9 10 | 10.4
Fighting       | 4 6 |  6.0
Maces & Flails | 2 4 |  4.1
Shields        | 4 6 7 8 |  8.2
Stealth        | 2 4 |  4.0

Action                   |  1- 3 |  4- 6 |  7- 9 | 10-12 | 13-15 || total
-------------------------+-------+-------+-------+-------+-------++-------
Melee: War axe           |    75 |   131 |   284 |   669 |   115 ||  1274
       Whip              |       |       |       |   210 |   407 ||   617
       Broad axe         |       |       |       |       |   119 ||   119
Throw: Dart              |     3 |     7 |    30 |    22 |     8 ||    70
       Boomerang         |       |       |    37 |    27 |       ||    64
Invok: Minor Destruction |       |       |       |     3 |     5 ||     8
       Lesser Servant of |       |       |       |     4 |       ||     4
Evoke: Wand              |       |       |     1 |     1 |    28 ||    30
  Use: Scroll            |       |       |    14 |     3 |     6 ||    23
       Potion            |       |       |     3 |     4 |     2 ||     9
 Stab: Sleeping          |       |       |       |     1 |     4 ||     5
       Distracted        |       |       |       |     1 |       ||     1
       Paralysed         |       |       |       |       |    17 ||    17
Armor: Scale mail        |    37 |    43 |    47 |       |       ||   127
       Plate armour      |       |       |   103 |    52 |       ||   155
       Troll leather arm |       |       |       |    21 |       ||    21
       Chain mail        |       |       |       |   276 |       ||   276
       Skin              |       |       |       |     5 |       ||     5
       Leather armour    |       |       |       |     4 |   133 ||   137
Dodge: Dodged            |    27 |    42 |    62 |   200 |   132 ||   463
Block: Buckler           |    11 |       |       |       |       ||    11
       Kite shield       |    16 |    53 |   102 |   362 |   270 ||   803
